Map: Deathaura LE

Players

FATAL - Winner!

  • Race: Protoss Protoss
  • League: Diamond
  • Spawn Location: 5:00

prospeKt

  • Race: Zerg Zerg
  • League: Platinum
  • Spawn Location: 11:00

VOD

Have the link to the VOD?

Description

Time

  • Played on: June 11, 2020, 10:10 a.m.
  • Length: 9:19
Show
View Real Time Build Order
Export as new Build Order

FATAL Protoss - Winner!

Build Orders: 1 Gate Expand 

Get SALT Encoding   

  12  0:01  Probe  
  13  0:13  Probe  
  14  0:19  Pylon  
  14  0:25  Probe  
  15  0:36  Probe  
  15  0:39  Gateway  
  16  0:44  Probe  
  16  0:46  Assimilator  
  17  0:52  Probe  
  18  1:03  Probe  
  19  1:24  Nexus  
  19  1:35  Cybernetics Core  
  19  1:41  Assimilator, Probe  
  20  1:50  Probe  
  21  2:11  Probe  
  21  2:13  Pylon  
  21  2:14  Warp Gate  
  22  2:23  Probe  
  23  2:31  Stalker  
  23  2:33  Pylon  
  23  2:34  Probe  
  23  2:35  Robotics Facility  
  26  2:37  Probe  
  26  2:42  Probe  
  27  2:45  Probe  
  29  2:56  Shield Battery  
  29  2:59  Probe  
  29  3:00  Probe  
  29  3:01  Sentry  
  33  3:11  Probe  
  34  3:19  Gateway  
  34  3:20  Gateway  
  34  3:24  Observer  
  35  3:28  Probe, Sentry  
  35  3:32  Probe  
  39  3:36  Probe  
  40  3:44  Probe  
  40  3:45  Probe  
  40  3:48  Warp Prism  
  41  3:53  Probe  
  44  3:56  Probe  
  44  4:01  Probe  
  46  4:08  Phoenix, Probe  
  48  4:12  Pylon, Probe  
  48  4:15  Assimilator  
  48  4:16  Pylon  
  49  4:18  Assimilator  
  49  4:19  Stalker  
  49  4:20  Probe, Sentry  
  49  4:23  Pylon  
  54  4:30  Pylon  
  54  4:37  Pylon  
  54  4:38  Stalker  
  56  4:41  Pylon  
  56  4:46  Probe x2  
  56  4:52  Stalker  
  60  4:55  Immortal  
  64  5:12  Sentry x2  
  68  5:18  Probe  
  69  5:30  Probe  
  69  5:31  Probe  
  69  5:32  Stalker  
  69  5:34  Immortal  
  77  5:47  Stalker x2  
  81  5:52  Gateway  
  81  5:54  Gateway  
  81  5:55  Gateway  
  81  5:57  Gateway  
  81  6:03  Sentry  
  83  6:06  Nexus  
  83  6:08  Pylon  
  83  6:11  Pylon  
  83  6:13  Forge  
  83  6:16  Forge  
  83  6:19  Stalker  
  83  6:20  Stalker  
  87  6:35  Stalker  
  89  6:45  Protoss Ground Weapons Level 1  
  89  6:55  Probe x2  
  89  6:57  Observer  
  89  7:00  Stalker x2, Shield Battery  
  95  7:02  Photon Cannon  
  95  7:03  Photon Cannon  
  95  7:05  Stalker  
  95  7:07  Probe  
  98  7:26  Stalker x3  
  98  7:27  Stalker x3  
  100  7:52  Stalker x3  
  100  7:53  Stalker x2  
  94  8:17  Stalker  
  94  8:19  Stalker x3  
  100  8:20  Stalker x3  
  98  8:42  Stalker x2  
  98  8:43  Stalker x5  
  108  9:07  Stalker x5  
  108  9:08  Stalker  
Show
View Real Time Build Order
Export as new Build Order

prospeKt Zerg 

Build Orders: Hatch First 

Get SALT Encoding   

  12  0:01  Drone  
  13  0:13  Overlord  
  13  0:22  Drone  
  14  0:37  Drone  
  14  0:38  Drone x2  
  17  0:52  Hatchery  
  16  0:57  Drone  
  16  1:03  Drone  
  18  1:14  Spawning Pool  
  18  1:17  Drone  
  18  1:25  Drone  
  19  1:31  Drone  
  20  1:34  Extractor  
  19  1:44  Drone  
  20  1:54  Drone  
  21  2:04  Queen x2  
  21  2:05  Overlord  
  25  2:09  Drone  
  25  2:15  Drone  
  27  2:16  Drone  
  28  2:26  Drone  
  29  2:32  Zergling x2  
  29  2:35  Zergling x2  
  31  2:39  Overlord  
  31  2:44  Queen  
  31  2:46  Lair  
  31  2:48  Drone x2  
  35  3:08  Drone x3  
  38  3:13  Drone  
  38  3:14  Overlord  
  38  3:17  Drone x3  
  38  3:18  Drone  
  38  3:19  Drone  
  44  3:34  Drone  
  44  3:35  Hatchery, Drone x3  
  47  3:42  Overlord  
  47  3:44  Drone  
  48  3:49  Roach Warren  
  48  3:51  Drone x3  
  48  3:52  Evolution Chamber  
  49  3:59  Drone x3  
  52  4:04  Overlord  
  52  4:07  Drone  
  52  4:08  Drone  
  54  4:17  Extractor  
  54  4:18  Drone x2  
  54  4:20  Extractor  
  54  4:27  Drone  
  54  4:29  Zerg Missile Weapons Level 1, Glial Reconstitution  
  54  4:31  Roach  
  57  4:35  Overlord  
  57  4:42  Roach  
  57  4:43  Roach x3  
  57  4:45  Roach  
  67  4:47  Roach  
  67  4:49  Drone x2  
  71  5:01  Drone x3  
  74  5:08  Drone x2  
  76  5:14  Queen  
  76  5:17  Drone x3  
  76  5:18  Drone  
  82  5:21  Hydralisk Den  
  82  5:23  Evolution Chamber  
  80  5:34  Extractor  
  80  5:35  Hatchery, Extractor  
  76  5:44  Drone x3  
  76  5:45  Overlord x3  
  76  5:46  Overlord  
  79  5:55  Roach  
  79  5:56  Overlord x2  
  81  6:10  Drone x2  
  81  6:11  Drone x9  
  92  6:22  Hydralisk x3  
  98  6:28  Hydralisk x3  
  98  6:30  Hydralisk x3  
  110  6:35  Spine Crawler  
  110  6:36  Spore Crawler  
  107  6:40  Spine Crawler  
  107  6:41  Spine Crawler  
  107  6:42  Spine Crawler, Hydralisk x6  
  116  6:57  Hydralisk x4  
  116  6:59  Overseer  
  124  7:05  Hydralisk x3  
  130  7:24  Overlord x4  
  130  7:26  Hydralisk x2  
  134  7:36  Extractor  
  115  7:38  Hatchery  
  115  7:39  Hydralisk x3  
  120  7:50  Hydralisk x3  
  122  7:55  Hatchery  
  119  8:03  Grooved Spines  
  107  8:11  Hydralisk x2  
  95  8:26  Hydralisk x5  
  97  8:38  Roach x7  
  99  8:46  Hydralisk x2  
Tags
 
Add a new tag
Caveats
  • Supply blocks, unpowered buildings, or Contaminate may cause inaccurate times.
  • Supply counts are checked every 10 seconds.